 Dungeon Crawl Stone Soup version 0.28-a0-1412-gf95308ed99 (webtiles) character file.

Game seed: 7507329569352571840

417 siradein the Skirmisher (level 6, -1/53 HPs)
             Began as a Draconian Cinder Acolyte on Jan 6, 2022.
             Was an Initiate of Jiyva.
             Slain by a fire elemental (13 damage)
             ... created by the fiery vengeance of Ignis
             ... on level 4 of the Dungeon.
             The game lasted 00:08:46 (4458 turns).

siradein the Skirmisher (Draconian Cinder Acolyte)  Turns: 4458, Time: 00:08:46

Health: -1/53      AC:  6    Str: 18    XL:     6   Next: 61%
Magic:  10/10      EV: 11    Int: 14    God:    Jiyva [......]
Gold:   103        SH:  0    Dex:  7    Spells: 8/10 levels left

rFire   . . .      SeeInvis .   b - +3 whip
rCold   . . .      Faith    .   (no shield)
rNeg    . . .      Spirit   .   (armour unavailable)
rPois   .          Reflect  .   (helmet restricted)
rElec   .          Harm     .   (no cloak)
rCorr   .          Rampage  .   (no gloves)
Will    .....                   (no boots)
Stlth   +.........              (no amulet)
HPRegen 0.17/turn               (no ring)
MPRegen 0.12/turn               (no ring)

@: fire susceptible
A: AC +6, unfitting armour, cold-blooded
a: Renounce Religion


You were on level 4 of the Dungeon.
You worshipped Jiyva.
Jiyva was noncommittal.
You visited 1 branch of the dungeon, and saw 4 of its levels.
You also visited: Sewer.

You collected 127 gold pieces.
You spent 24 gold pieces at shops.

Inventory:

Hand Weapons
 b - a +3 whip (weapon)
Wands
 a - a wand of digging (3)
 p - a wand of iceblast (12)
Scrolls
 c - 2 scrolls of magic mapping
 e - 2 scrolls of vulnerability
 f - a scroll of identify
 h - a scroll of summoning {unknown}
 j - a scroll of torment {unknown}
Potions
 d - 2 potions of curing
 g - a potion of attraction
 i - a potion of degeneration {unknown}
 k - a potion of haste {unknown}
 l - a potion of cancellation {unknown}
 m - a potion of magic {unknown}
 n - a potion of brilliance
 o - a potion of resistance {unknown}


   Skills:
 + Level 4.7 Fighting
 + Level 4.3 Maces & Flails
 + Level 2.1 Dodging
 + Level 2.9 Spellcasting
 + Level 4.2 Fire Magic


You had 8 spell levels left.
You knew the following spells:

 Your Spells              Type           Power      Damage    Failure   Level
a - Scorch                Fire           28%        2d6       5%          2

Your spell library contained the following spells:

 Spells                   Type           Power      Damage    Failure   Level


Dungeon Overview and Level Annotations

Branches:
Dungeon (4/15)             Temple (0/1) D:4           Sewer (visited)

Altars:

Shops:
D:4 ?*


Innate Abilities, Weirdness & Mutations

Your plain brown scales are hard. (AC +6)
You cannot fit into any form of body armour.
You are cold-blooded and may be slowed by cold attacks.


Message History

Unknown command.
Casting: Scorch (safe; 6% risk of failure)
Press: ? - help, Q - select action Dir - look around, f - activate Flames lash the scorpion.
The scorpion is burned terribly!
You kill the scorpion!
Unknown command.
Magic restored.
f - 3 scrolls labelled OMIB HUKLIWNEH (gained 1)
There is an entrance to Loisin's Magic Scroll Boutique here.
f - 4 scrolls of identify (gained 1) Thank you for shopping at Loisin's Magic Scroll Boutique!
As you read the scroll of identify, it crumbles to dust.
g - a potion of attraction
As you read the scroll of identify, it crumbles to dust.
c - 2 scrolls of magic mapping
As you read the scroll of identify, it crumbles to dust.
e - 2 scrolls of vulnerability
There is a fountain of clear blue water here.
There is an entrance to Plog's Assorted Antiques here.
You can access your shopping list by pressing '$'.
a - a wand of digging (3)
p - a wand of iceblast (12)
You see here a scorpion corpse.
You see here 21 arrows.
Ignis wails with rage, and rains down burning fury! 3 fire elementals come into view.
There are monsters nearby!
There are monsters nearby!
There are monsters nearby!
There are monsters nearby!
The fire elemental hits you. The fire elemental burns you!
The fire elemental hits you. The fire elemental burns you!
The fire elemental hits you. The fire elemental burns you!
The fire elemental hits you. The fire elemental burns you!
The fire elemental misses you. The fire elemental hits you.
The fire elemental burns you!
* * * LOW HITPOINT WARNING * * *
The fire elemental barely misses you. The fire elemental hits you.
The fire elemental burns you!
You die...

#.###...###.# ###....#.####..
###.##..### #.# ##......#.# #..
.##.#..## #.# ##..######.# #..
....#.### #.###..## #.####..
#.#.....## #.##<.## #.##....
#.#.#.#..####....## #.#..#..
...........##..### ##...##..
###.#.##.......##########..####>.
#...........EEE@.<...........###
#...#......○☼######.........####
#..##....##○○.###...............
#..##.......○○..............####
#..##....###°#......###.##..#
##..##....##.○##..##..#..##..####
...###....##.###.####..>.........
.#.# #....##°##..# ##...........
##.# #....##.○..## ###°.........


You could see 3 fire elementals.

Vanquished Creatures
  An ice beast (D:4)
  A scorpion (D:4)
  3 jellies
  An orc wizard (D:3)
  A river rat (D:4)
  5 adders
  3 worms
  2 dart slugs
  5 orcs
  9 ball pythons
  11 endoplasms
  4 giant cockroaches
  4 goblins
  4 hobgoblins
  5 jackals
  5 kobolds
  6 quokkas
  3 bats
  5 frilled lizards
  11 rats
89 creatures vanquished.

Vanquished Creatures (others)
  An endoplasm (D:4)
  A hobgoblin (D:4)
2 creatures vanquished.

Grand Total: 91 creatures vanquished

Notes
Turn   | Place    | Note
-------+----------+-------------------------------------------
     0 | D:1      | siradein the Draconian Cinder Acolyte began the quest for
                  | the Orb.
     0 | D:1      | Reached XP level 1. HP: 19/19 MP: 2/2
     8 | D:1      | Noticed a bullfrog
    66 | D:1      | Found a faded altar of an unknown god.
   311 | D:1      | Reached XP level 2. HP: 26/26 MP: 3/3
   314 | D:1      | Learned a level 2 spell: Scorch
   642 | D:1      | HP: 1/26 [poisoned by a kobold]
  1247 | D:2      | Reached XP level 3. HP: 33/33 MP: 2/5
  2364 | D:3      | Reached XP level 4. HP: 31/40 MP: 3/6
  2644 | D:3      | Reached skill level 1 in Dodging
  2938 | D:4      | Reached XP level 5. HP: 43/46 MP: 8/8
  3098 | D:4      | Found a staircase to the Ecumenical Temple.
  3196 | D:4      | Noticed an ice beast
  3205 | D:4      | Killed an ice beast
  3347 | D:4      | Reached XP level 6. HP: 29/53 MP: 9/9
  3357 | D:4      | Found a glowing drain.
  3364 | Sewer    | Entered a sewer
  3909 | Sewer    | Found a viscous altar of Jiyva.
  3988 | Sewer    | Fell from the grace of Ignis
  3988 | Sewer    | Became a worshipper of Jiyva Jadd the Shapeless
  4273 | D:4      | Found Loisin's Magic Scroll Boutique.
  4275 | D:4      | Found Plog's Assorted Antiques.
  4368 | D:4      | Bought a scroll of identify for 24 gold pieces
  4431 | D:4      | Noticed a fire elemental
  4431 | D:4      | Noticed a fire elemental
  4431 | D:4      | Noticed a fire elemental
  4458 | D:4      | Slain by a fire elemental

Illustrated notes

Levels and vault maps discovered:
D:1:      evilmike_arrival_come_back, layout_basic,
          shapermc_ecumenical_altar_gd, chequers_avenue
D:2:      layout_basic
D:3:      layout_rooms, corexii_shack
D:4:      layout_rooms, minmay_temple_entry_statues_fountains,
          portal_sewer_entry_e, chequers_serial_rivers_small_3,
          nicolae_wooded_promenade

Skill      XL: |  1  2  3  4  5  6 |
---------------+-------------------+-----
Fighting       | 4 |  4.7
Spellcasting   | 2 |  2.9
Dodging        | 1 2 |  2.1
Maces & Flails | 4 |  4.3
Fire Magic     | 4 |  4.2

Action                   |  1- 3 |  4- 6 || total
-------------------------+-------+-------++-------
Melee: Mace              |    81 |       ||    81
       Tailslap          |    10 |    11 ||    21
       Whip              |     5 |   158 ||   163
 Cast: Scorch            |     6 |     8 ||    14
  Use: Potion            |     3 |       ||     3
       Scroll            |       |     3 ||     3
Armor: Skin              |    30 |    62 ||    92
Dodge: Dodged            |    51 |   100 ||   151

Table legend: (Time is in decaauts)
 A = Elapsed time spent in this place.
 B = Non-inter-level travel time spent in this place.
 C = Inter-level travel time spent in this place.
 D = Time resting spent in this place.
 E = Time spent auto-exploring this place.
 F = Levels seen in this place.
 G = Mean time per level.
                   A        B        C        D        E       F      G
               +--------+--------+--------+--------+--------+-----+--------+
         Total |   4510 |   4383 |    127 |    270 |   3429 |   5 |  902.0 |
       Dungeon |   3839 |   3712 |    127 |    145 |   3050 |   4 |  959.8 |
         Sewer |    670 |    670 |      0 |    125 |    378 |   1 |  670.0 |
               +--------+--------+--------+--------+--------+-----+--------+

Top non-repeatable levels by time:
     D:1: 1229 daAuts
     D:2: 1106 daAuts
     D:4: 909 daAuts
   Sewer: 670 daAuts
     D:3: 593 daAuts
